 Dungeon Crawl Stone Soup version 0.31-b1-17-gcfd88c8481 (webtiles) character file.

Game seed: 11686738728040488924

525 Strat the Apothecary (level 7, 51/51 HPs)
             Began as a Purple Draconian Alchemist on Jan 15, 2024.
             Quit the game on level 5 of the Dungeon.
             The game lasted 00:11:16 (4458 turns).

Strat the Apothecary (Purple Draconian Alchemist)   Turns: 4458, Time: 00:11:17

Health: 51/51      AC: 13    Str: 11    XL:     7   Next: 2%
Magic:  12/12      EV: 12    Int: 17    God:
Gold:   196        SH:  0    Dex: 11    Spells: 7/13 levels left

rFire   . . .        b - +2 dagger (venom)
rCold   . . .        (no shield)
rNeg    . . .        (body armour unavailable)
rPois   .            (helmet restricted)
rElec   .            j - +0 cloak
rCorr   .            p - +1 pair of gloves
SInv    .            (no boots)
Will    +....        (no amulet)
Stlth   ++           e - +4 ring of protection
HPRegen 0.28/turn    i - ring of flight
MPRegen 0.13/turn

%: no passive effects
@: flying
A: breathe power, AC +6, unfitting armour, cold-blooded
a: Breathe Dispelling Energy


You were on level 5 of the Dungeon.
You visited 1 branch of the dungeon, and saw 5 of its levels.

You collected 196 gold pieces.

Inventory:

Hand Weapons
 a - a +0 quarterstaff
 b - a +2 dagger of venom (weapon)
 d - a +0 dagger
Armour
 j - a +0 cloak (worn)
 p - a +1 pair of gloves (worn)
Jewellery
 e - a +4 ring of protection (left hand)
 i - a ring of flight (right hand)
Scrolls
 g - a scroll of teleportation
Potions
 c - 3 potions of haste
 f - 3 potions of curing
 h - a potion of magic
 l - a potion of resistance
 m - a potion of berserk rage
 n - a potion of mutation {unknown}


   Skills:
 + Level 0.7 Fighting
 - Level 1.7 Dodging
 - Level 3.0 Stealth
 + Level 3.7 Spellcasting
 + Level 1.3 Conjurations
 - Level 7.0 Alchemy


You had 7 spell levels left.
You knew the following spells:

 Your Spells              Type           Power      Damage    Failure   Level
a - Sting                 Conj/Alch      68%        1d7       3%          1
b - Mercury Vapours       Alch/Air       30%        N/A       6%          2
c - Mephitic Cloud        Conj/Alch/Air  12%        N/A       16%         3

Your spell library contained the following spells:

 Spells                   Type           Power      Damage    Failure   Level
 Olgreb's Toxic Radiance  Alch           27%        N/A       9%          4
 Static Discharge         Conj/Air       10%        3-4/arc   19%         2
 Sticky Flame             Fire/Alch      15%        2d5       36%         4
 Inner Flame              Hex/Fire       3%         N/A       43%         3
 Flame Wave               Conj/Fire      5%         2d5       77%         4
 Airstrike                Air            1%         2d(1-17)  85%         4
 Summon Lightning Spire   Summ/Air       3%         N/A       85%         4


Dungeon Overview and Level Annotations

Branches:
Dungeon (5/15)
 Temple: D:4-7

Altars:
Kikubaaqudgha


Innate Abilities, Weirdness & Mutations

You can breathe bolts of dispelling energy.
Your rich purple scales are hard. (AC +6)
You cannot fit into any form of body armour.
You are cold-blooded and may be slowed by cold attacks.


Message History

Found 5 stones.
A hound comes into view.
The hound barks!
The hound misses you. The hound bites you but does no damage.
You closely miss the hound. The hound barely misses you.
You barely miss the hound. The hound bites you but does no damage.
The hound barely misses you.
You barely miss the hound.
Your tail-slap misses the hound.
The hound stops to sniff the ground.
The hound bites you but does no damage.
You barely miss the hound.
Your tail-slap misses the hound.
The hound barely misses you. The hound misses you.
You barely miss the hound. The hound closely misses you.
You closely miss the hound. The hound bites you but does no damage.
The hound closely misses you.
You hit the hound but do no damage.
The hound is poisoned.
The hound barely misses you.
You hit the hound.
The hound looks as sick as possible!
The hound is moderately wounded.
The hound bites you. The hound closely misses you.
You closely miss the hound.
The hound is moderately wounded.
The hound barely misses you.
You hit the hound.
The hound looks as sick as possible!
The hound is severely wounded.
The hound barely misses you. The hound bites you but does no damage.
You hit the hound but do no damage.
The hound looks as sick as possible!
The hound is almost dead.
The hound barely misses you.
You hit the hound but do no damage.
Your tail-slap misses the hound.
The hound is almost dead.
The hound bites you but does no damage. x2
You hit the hound.
You kill the hound!
You have reached level 7!
Your scales start taking on a rich purple colour.
You learn Spellcasting much quicker.
You learn Hexes much quicker.
You learn Evocations quicker.
You can breathe bolts of dispelling energy.
Are you sure you want to abandon this character and quit the game? (Confirm with "yes".)

#################...# ####
#########..........##
#...###.....## ##.###
####### #..# ***** #..#
,,,,** #..### *************
,,,,,**
#....####...,,,,,,,,,
***,,,**
##..@.......,,,,,,,,,
***,,** ##########.,,,,,,,,,
**,,** **,,,,,,,*, **,,**
*,,,,,,,,, * **,,*******
**,,,,,,,,, ** *,,,,,,,,***
**,,,,,,,,** ,**
**,,,,,,,,,****,,,,,,,***
,,* **,,,,,,,,,,,,,,,,,,,,**
,,*
****,,,,,,,,,,,,,,,,,>,,,,**


There were no monsters in sight!

Vanquished Creatures
  A black bear (D:4)
  4 hounds (D:5)
  A gnoll bouda (D:4)
  An iguana (D:5)
  An orc wizard (D:4)
  8 gnolls
  6 adders
  A white imp (D:5)
  2 dart slugs (D:1)
  A ribbon worm (D:2)
  4 orcs
  4 bats
  13 endoplasms
  2 giant cockroaches
  6 goblins
  9 hobgoblins
  4 jackals
  4 quokkas
  7 ball pythons
  2 frilled lizards
  6 kobolds
  7 rats
94 creatures vanquished.

Vanquished Creatures (collateral kills)
  An orc (D:4)
  A goblin (D:4)
2 creatures vanquished.

Grand Total: 96 creatures vanquished

Notes
Turn   | Place    | Note
-------+----------+-------------------------------------------
     0 | D:1      | Strat the Draconian Alchemist began the quest for the Orb.
     0 | D:1      | Reached XP level 1. HP: 14/14 MP: 3/3
   425 | D:1      | Reached XP level 2. HP: 20/20 MP: 3/5
  1074 | D:1      | Reached XP level 3. HP: 23/26 MP: 3/6
  1193 | D:2      | Learned a level 2 spell: Mercury Vapours
  1197 | D:2      | Learned a level 3 spell: Mephitic Cloud
  1358 | D:2      | Reached skill level 4 in Alchemy
  1559 | D:2      | Reached XP level 4. HP: 33/33 MP: 2/8
  2034 | D:3      | Found an ancient bone altar of Kikubaaqudgha.
  2199 | D:3      | Reached skill level 5 in Alchemy
  2683 | D:3      | Reached XP level 5. HP: 38/38 MP: 6/9
  3276 | D:4      | Noticed a black bear
  3524 | D:4      | Killed a black bear
  3525 | D:4      | Reached skill level 6 in Alchemy
  3525 | D:4      | Reached XP level 6. HP: 43/45 MP: 4/10
  3828 | D:5      | Entered Level 5 of the Dungeon
  4100 | D:5      | Identified the +0 helmet of the Bells {rF+ rC+}
  4358 | D:5      | Reached skill level 7 in Alchemy
  4458 | D:5      | Your scales start taking on a rich purple colour.
  4458 | D:5      | Reached XP level 7. HP: 51/51 MP: 12/12
  4458 | D:5      | Quit the game

Illustrated notes

Levels and vault maps discovered:
D:1:      minmay_arrival_doors, layout_basic, interstate_on_off, minivault_23,
          chequers_serial_rivers_large_b, fountainhead, minivault_5,
          serial_bayou_lagoon_a
D:2:      layout_basic, st_stairs_11
D:3:      layout_basic, kiku_gazebo_pond_becter
D:4:      layout_cave_pools
D:5:      layout_layer_cave, minmay_mini_ossuary

Skill      XL: |  1  2  3  4  5  6 |
---------------+-------------------+-----
Alchemy        | 4 5 6 7 |  7.0
Spellcasting   | 3 |  3.7
Stealth        | 2 3 |  3.0
Fighting       | |  0.7
Dodging        | |  1.7
Conjurations   | |  1.3

Action                     |  1- 3 |  4- 6 |  7- 9 || total
---------------------------+-------+-------+-------++-------
  Melee: Unarmed           |     1 |       |       ||     1
         Dagger            |    46 |    89 |       ||   135
         Tailslap          |     3 |    17 |       ||    20
         Quarterstaff      |    21 |    69 |       ||    90
   Cast: Sting             |    37 |    34 |       ||    71
         Mercury Vapours   |     4 |    19 |       ||    23
         Mephitic Cloud    |       |     2 |       ||     2
    Use: Scroll            |       |    11 |       ||    11
   Stab: Sleeping          |     1 |     1 |       ||     2
         Confused          |       |     1 |       ||     1
 Armour: Skin              |    37 |   100 |       ||   137
  Dodge: Dodged            |    50 |   134 |       ||   184
